 Dungeon Crawl Stone Soup version 0.25-a0-822-g6581751b11 (webtiles) character file.

Game seed: 16090630896224028111, levelgen mode: deterministic

122 magipi the Ducker (level 4, -2/42 HPs)
             Began as a Troll Wanderer on Apr 21, 2020.
             Slain by an orc wizard
             ... wielding a +2 dagger of electrocution
              (5 damage)
             ... on level 3 of the Dungeon.
             The game lasted 00:08:21 (2213 turns).

magipi the Ducker (Troll Wanderer)                  Turns: 2213, Time: 00:08:22

Health: -2/42      AC:  6    Str: 16 (19) XL:     4   Next: 78%
Magic:  3/3        EV: 10    Int:  7 (10) God:
Gold:   94         SH:  0    Dex:  6 (9)  Spells: 3/3 levels left

rFire    . . .     SeeInvis .     - Unarmed
rCold    . . .     Gourm    +   (no shield)
rNeg     . . .     Faith    .   c - +0 robe
rPois    .         Spirit   .   (helmet restricted)
rElec    .         Reflect  .   (no cloak)
rCorr    .         Harm     .   (gloves unavailable)
MR       .....                  (boots unavailable)
Stlth    +.........             (no amulet)
HPRegen  0.54/turn              (no ring)
MPRegen  0.08/turn              (no ring)

@: stab, slowed, very slow
A: large, unfitting armour, claws 3, fast metabolism 3, gourmand, regeneration
1, shaggy fur 1, tough skin 3
a: no special abilities


You were on level 3 of the Dungeon.
You were very full.

You visited 1 branch of the dungeon, and saw 3 of its levels.

You collected 94 gold pieces.

Inventory:

Missiles
 h - 60 stones
 o - a datura-tipped dart (quivered)
Armour
 c - a +0 robe (worn)
Jewellery
 g - an uncursed ring of magical power {unknown}
   (You found it on level 1 of the Dungeon)
Scrolls
 e - a scroll of magic mapping {unknown}
 i - 2 scrolls of identify {unknown}
 k - a scroll of enchant armour {unknown}
 l - a scroll of remove curse {unknown}
 n - a scroll of immolation {unknown}
Potions
 a - 2 potions of curing
 b - a potion of lignification
 j - a potion of degeneration
 m - a potion of stabbing
Comestibles
 d - 8 rations
 f - 3 chunks of flesh


   Skills:
 + Level 1.8 Fighting
   Level 1.0 Long Blades
   Level 1.0 Maces & Flails
 + Level 2.0 Throwing
 + Level 3.8 Dodging
 - Level 1.0 Stealth
 * Level 2.7 Unarmed Combat


You had 3 spell levels left.
You didn't know any spells.
Your spell library was empty.

Dungeon Overview and Level Annotations

Branches:
Dungeon (3/15)

Altars:
Dithmenos
The Shining One

Annotations:
D:2 Terence
D:3 1 runed translucent door, unvid's ghost, amateur OpFi


Innate Abilities, Weirdness & Mutations

You are too large for most types of armour.
You have claws for hands.
Your metabolism is lightning-fast.
You like to eat raw meat.
Your natural rate of healing is unusually fast.
You are covered in fur. (AC +1)
You have extremely tough skin. (AC +3)


Message History

You scratch the orc.
You kill the orc!
You closely miss the orc wizard. The orc wizard closely misses you.
The orc wizard hits you with a +2 dagger of electrocution.
You barely miss the orc wizard.
The orc wizard hits you but does no damage.
You scratch the orc wizard.
The orc wizard is moderately wounded.
The orc wizard hits you with a +2 dagger of electrocution.
You are electrocuted!
You scratch the orc wizard.
The orc wizard is heavily wounded.
The orc wizard misses you.
The orc wizard hits you with a +2 dagger of electrocution.
You are electrocuted!
* * * LOW HITPOINT WARNING * * *
Unknown command.
The orc wizard casts a spell.
The orc wizard blinks!
The orc wizard casts a spell.
The orc wizard blinks!
The orc wizard mumbles some strange words.
The orc wizard blinks!
The orc wizard closely misses you. The orc wizard closely misses you.
The orc wizard gestures at you while chanting.
You feel yourself slow down.
The orc wizard gestures wildly while chanting.
The orc wizard blinks!
You see here 18 bolts.
The orc wizard gestures wildly while chanting.
The orc wizard blinks!
The orc wizard hits you but does no damage.
The orc wizard hits you with a +2 dagger of electrocution.
The orc wizard barely misses you.
The orc wizard hits you but does no damage.
The orc wizard closely misses you. The orc wizard casts a spell at you.
You resist with some effort.
The orc wizard gestures wildly while chanting.
The orc wizard blinks!
The orc wizard gestures at you while chanting.
The magic dart hits you.
The orc wizard gestures at you while chanting.
The magic dart hits you.
The orc wizard hits you with a +2 dagger of electrocution.
* * * LOW HITPOINT WARNING * * *
The orc wizard misses you. The orc wizard closely misses you.
It was a potion of curing.
You feel better.
The orc wizard hits you but does no damage.
The orc wizard barely misses you.
Unknown command.
Unknown command.
It was a potion of degeneration.
There was something very wrong with that liquid.
You feel weakened.
You feel dopey.
You feel clumsy.
You feel yourself speed up. The orc wizard casts a spell at you.
The magic dart hits you!
The orc wizard hits you with a +2 dagger of electrocution.
* * * LOW HITPOINT WARNING * * *
It was a potion of stabbing.
You feel ready to backstab.
The orc wizard hits you with a +2 dagger of electrocution.
* * * LOW HITPOINT WARNING * * *
The orc wizard hits you but does no damage.
Unknown command.
The orc wizard is no longer moving quickly.
The orc wizard casts a spell at you.
You feel yourself slow down.
The orc wizard gestures wildly while chanting.
The orc wizard blinks!
The orc wizard points at you and mumbles some strange words.
You feel as though you will be slow longer.
The orc wizard gestures wildly while chanting.
The orc wizard seems to speed up.
The orc wizard hits you but does no damage.
The orc wizard hits you but does no damage.
The orc wizard hits you with a +2 dagger of electrocution.
The orc wizard hits you but does no damage.
You are electrocuted!!
* * * LOW HITPOINT WARNING * * *
Unknown command.
You scratch the orc wizard but do no damage.
The orc wizard is moderately wounded.
The orc wizard hits you but does no damage.
The orc wizard hits you with a +2 dagger of electrocution.
* * * LOW HITPOINT WARNING * * *
Unknown command.
You closely miss the orc wizard.
The orc wizard is moderately wounded.
The orc wizard closely misses you. The orc wizard casts a spell at you.
You feel as though you will be slow longer.
Unknown command.
Unknown command.
You barely miss the orc wizard.
The orc wizard is moderately wounded.
The orc wizard hits you with a +2 dagger of electrocution.
You die...

##### ########...#
#.. .......### #.#
#.....@.## ##.##
#.....o..#
#####...###........#
#.....#.>.......##.#
...##...#####...##.#
...###.## ##.###.#
...###.#######.# #.#
#..............# #.#
#.####.######### #.#


You could see an orc wizard.

Vanquished Creatures
  3 adders
  4 worms
  2 dart slugs
  4 leopard geckos
  4 orcs (D:3)
  5 giant cockroaches
  8 goblins
  9 hobgoblins
  5 jackals
  5 kobolds
  2 quokkas (D:3)
  A ball python (D:1)
  4 bats
  3 frilled lizards
  9 rats
68 creatures vanquished.

Vanquished Creatures (others)
  An orc (D:3)
1 creature vanquished.

Grand Total: 69 creatures vanquished

Notes
Turn   | Place    | Note
-------+----------+-------------------------------------------
     0 | D:1      | magipi the Troll Wanderer began the quest for the Orb.
     0 | D:1      | magipi set off with the following items: a +2 falchion, a
                  | potion of lignification, a +0 robe, 2 rations
     0 | D:1      | Reached XP level 1. HP: 19/19 MP: 0/0
   187 | D:1      | Reached skill level 1 in Unarmed Combat
   187 | D:1      | Reached XP level 2. HP: 27/27 MP: 1/1
   583 | D:1      | Reached XP level 3. HP: 33/33 MP: 2/2
   804 | D:2      | Noticed Terence
  1005 | D:2      | Found a glowing golden altar of the Shining One.
  1202 | D:2      | Reached XP level 4. HP: 20/41 MP: 3/3
  1427 | D:3      | Found a runed translucent door.
  1432 | D:3      | Noticed unvid's ghost (amateur OpFi)
  1534 | D:3      | Found a shadowy altar of Dithmenos.
  2211 | D:3      | HP: 2/42 [orc wizard/+2 dagger of electrocution (4)]
  2213 | D:3      | Slain by an orc wizard

Levels and vault maps discovered:
D:1:      lightli_arrival_noodles, layout_loops_ring,
          chequers_serial_rivers_small_a, minmay_misc_feat_diagonals,
          minmay_cupped
D:2:      layout_basic, lemuel_doored_altar, nicolae_overflow_hidden_temple,
          palyth_stone_intersect, st_stairs_3, uniq_terence, uniq_jessica
D:3:      layout_loops_ring, grunt_dithmenos_smoke, ebering_ghost_sewer_d,
          first_ration, minmay_goblin_outpost

Skill      XL: |  1  2  3  4 |
---------------+-------------+-----
Unarmed Combat | 1 2 |  2.7
Throwing       | 2 |  2.0
Fighting       | |  1.8
Long Blades    | |  1.0
Maces & Flails | |  1.0
Dodging        | |  3.8
Stealth        | |  1.0

Action                   |  1- 3 |  4- 6 || total
-------------------------+-------+-------++-------
Melee: Unarmed           |   134 |    96 ||   230
       Punch             |       |     1 ||     1
Throw: Dart              |       |     1 ||     1
  Use: Potion            |       |     3 ||     3
 Stab: Sleeping          |     3 |     1 ||     4
  Eat: Chunk             |    16 |     9 ||    25
Armor: Robe              |    57 |    28 ||    85
Dodge: Dodged            |    61 |    50 ||   111

Table legend:
 A = Non-vault XP
 B = Vault XP
 C = Vault XP percentage of total XP
 D = Non-vault monster count
 E = Vault monster count
 F = Vault count percentage of total count
                 A         B        C        D         E       F
            +---------+---------+-------+---------+---------+-------
      Total |     154 |      21 |  12.0 |      58 |      10 |  14.7
            +---------+---------+-------+---------+---------+-------
        D:1 |      49 |       7 |  12.5 |      28 |       3 |   9.7
        D:2 |      40 |       4 |   9.1 |       9 |       2 |  18.2
        D:3 |      65 |      10 |  13.3 |      21 |       5 |  19.2
            +---------+---------+-------+---------+---------+-------

Action                   |  1- 3 |  4- 6 || total
-------------------------+-------+-------++-------
Melee: Unarmed           |   134 |    96 ||   230
       Punch             |       |     1 ||     1
Throw: Dart              |       |     1 ||     1
  Use: Potion            |       |     3 ||     3
 Stab: Sleeping          |     3 |     1 ||     4
  Eat: Chunk             |    16 |     9 ||    25
Armor: Robe              |    57 |    28 ||    85
Dodge: Dodged            |    61 |    50 ||   111
